Construct Section Command Post
Selects Air and Sea Battlegroup
Selects Air and Sea Battlegroup
Construct Platoon Command Post
Construct Field Infirmary
Selects Commando Section Paradrop
Selects M1 Pack Howitzer Paradrop
M1 Pack Howitzer Paradrop
Commando Section Paradrop
Construct Company Command Post
Selects Incendiary Bombing Run
6-pounder Anti-tank Gun Team
6-pounder Anti-tank Gun Team
Unlock M3 Grant Medium Tanks